[Event "Team 45 45 League T99"]
[Site "Internet Chess Club"]
[Date "2024.03.05"]
[Round "3"]
[White "jonesey"]
[Black "fileman"]
[Result "1/2-1/2"]
[WhiteElo "1831"]
[BlackElo "1782"]
[Opening "KP: Nimzovich defense"]
[ECO "B00"]
[Time "13:02:10"]
[PlyCount "63"]
[TimeControl "2700+45"]

1. e4 Nc6 2. d4 e5 3. d5 Nce7 4. c4 Ng6 5. Be3 b6 6. Nd2 a5 7. Ne2 Bc5 8. Bxc5
bxc5 9. Nc1 d6 10. Nd3 N8e7 11. Be2 Bd7 12. Qc2 Nh4 13. O-O O-O 14. f4 exf4 15.
Rxf4 Nhg6 16. Rf2 f6 17. Qc3 Ne5 18. Nxe5 fxe5 19. Rxf8+ Kxf8 20. Qg3 Ng6 21.
Bg4 Nf4 22. Rf1 Kg8 23. Qf3 Qc8 24. Bxd7 Qxd7 25. g3 Nh3+ 26. Kg2 Ng5 27. Qh5 h6
28. Rf5 Rf8 29. g4 Rxf5 30. gxf5 Qa4 31. b3 Qxa2 32. Qe8+ {Game drawn by mutual
agreement} 1/2-1/2

[Event "Team 45 45 League T99"]
[Site "Internet Chess Club"]
[Date "2024.03.02"]
[Round "3"]
[White "Redman1"]
[Black "Gojira"]
[Result "0-1"]
[WhiteElo "1511"]
[BlackElo "1677"]
[Opening "Sicilian: Alapin's variation (2.c3)"]
[ECO "B22"]
[Time "07:01:19"]
[PlyCount "136"]
[TimeControl "2700+45"]

1. e4 c5 2. c3 d5 3. exd5 Qxd5 4. d4 g6 5. Nf3 Bg7 6. Na3 cxd4 7. Nb5 Na6 8.
Nbxd4 Nc7 9. Be3 Nh6 10. h3 Nf5 11. Nxf5 Bxf5 12. Qxd5 Nxd5 13. Bd4 O-O 14. Rd1
Rfd8 15. Bxg7 Kxg7 16. g3 Bc2 17. Rc1 Be4 18. Be2 Nb6 19. b3 Rac8 20. O-O Rc7
21. Nd4 e5 22. Nb5 Rcd7 23. Rfd1 Rxd1+ 24. Rxd1 Rxd1+ 25. Bxd1 a6 26. Nd6 Bc6
27. c4 Kf6 28. c5 Nd5 29. Bf3 Ke7 30. Nc4 Nb4 31. Bxc6 Nxc6 32. a3 Ke6 33. Kf1
Kd5 34. Nd6 f5 35. Nxb7 Nd4 36. b4 Nc2 37. Na5 Nxa3 38. c6 Kd6 39. Ke2 Nc2 40.
Nc4+ Kxc6 41. Nxe5+ Kb5 42. Kd2 Nxb4 43. Nd7 Nd5 44. Nf8 Nf6 45. f3 Kc4 46. g4
fxg4 47. hxg4 g5 48. Ne6 h6 49. Nd8 a5 50. Nf7 Ng8 51. Kc2 a4 52. Nd6+ Kd4 53.
Kd2 Kc5 54. Ne4+ Kb4 55. Kc2 a3 56. Nc3 Ne7 57. Na2+ Kc4 58. Kd2 Nd5 59. Nc1 Nb4
60. Ke3 Kd5 61. Kd2 a2 62. Nxa2 Nxa2 63. Ke3 Nb4 64. f4 Nc6 65. Kf3 Kd4 66. f5
Ke5 67. Ke3 Ne7 68. Kf3 Nxf5 {White resigns} 0-1

[Event "Team 45 45 League T99"]
[Site "Internet Chess Club"]
[Date "2024.03.03"]
[Round "3"]
[White "Rookmaster"]
[Black "LoseOften"]
[Result "0-1"]
[WhiteElo "1510"]
[BlackElo "1715"]
[Opening "Sicilian, Chekhover variation"]
[ECO "B53"]
[Time "06:00:23"]
[PlyCount "43"]
[TimeControl "2700+45"]

1. e4 c5 2. Nf3 d6 3. d4 cxd4 4. Qxd4 a6 5. Be3 Nf6 6. Nc3 g6 7. O-O-O Bg7 8.
Bc4 O-O 9. Qb6 Bg4 10. Qxd8 Rxd8 11. e5 Ne8 12. Bb6 Rc8 13. Bd5 Nd7 14. Na4 Bf5
15. c3 Bh6+ 16. Nd2 Nxe5 17. Bxb7 Nd3+ 18. Kb1 Nc5+ 19. Ka1 Nxb7 20. Be3 Bxe3
21. fxe3 Rc6 22. h3 {White resigns} 0-1

[Event "Team 45 45 League T99"]
[Site "Internet Chess Club"]
[Date "2024.03.03"]
[Round "3"]
[White "Egmont"]
[Black "BlueStorm"]
[Result "1/2-1/2"]
[WhiteElo "1626"]
[BlackElo "1611"]
[Opening "QGD Slav defense"]
[ECO "D10"]
[Time "10:00:14"]
[PlyCount "82"]
[TimeControl "2700+45"]

1. d4 d5 2. c4 c6 3. Nc3 Nf6 4. e3 g6 5. b3 Bg7 6. Bb2 O-O 7. Bd3 Nbd7 8. Nf3
Re8 9. cxd5 Nxd5 10. Nxd5 cxd5 11. O-O e5 12. dxe5 Nxe5 13. Nxe5 Bxe5 14. Bxe5
Rxe5 15. Be2 Re7 16. Bf3 Be6 17. Qd4 Rd7 18. Rfc1 Rc7 19. Rd1 Rd7 20. Rac1 Rc7
21. Rxc7 Qxc7 22. Bxd5 Rd8 23. e4 Qc2 24. Qd2 Qxd2 25. Rxd2 Kf8 26. Kf1 Bxd5 27.
exd5 Ke7 28. Ke2 Kd6 29. f4 f5 30. Rd4 Re8+ 31. Kd2 Re4 32. Rxe4 fxe4 33. Ke3
Kxd5 34. g4 a5 35. a4 h6 36. h3 g5 37. f5 Ke5 38. Ke2 Kf6 39. Kf2 Ke5 40. Ke2
Kd5 41. Kd2 Ke5 {Game drawn by mutual agreement} 1/2-1/2

[Event "Team 45 45 League T99"]
[Site "Internet Chess Club"]
[Date "2024.03.04"]
[Round "3"]
[White "VictorRed"]
[Black "fishhead"]
[Result "0-1"]
[WhiteElo "1651"]
[BlackElo "1863"]
[Opening "Nimzo-Indian: classical variation"]
[ECO "E32"]
[Time "15:04:44"]
[PlyCount "64"]
[TimeControl "2700+45"]

1. d4 Nf6 2. c4 e6 3. Nc3 Bb4 4. Qc2 b6 5. Bd2 O-O 6. Nf3 Bb7 7. e3 a5 8. Bd3
Na6 9. a3 Be7 10. h3 c5 11. Rg1 g6 12. O-O-O d5 13. Kb1 cxd4 14. Nxd4 Nc5 15.
Be2 Rc8 16. Bc1 Nce4 17. Nxe4 Nxe4 18. f3 Nd6 19. b3 b5 20. c5 b4 21. axb4 axb4
22. c6 Qb6 23. Qd2 Bxc6 24. Bb2 Bd7 25. g4 Nb5 26. Nxb5 Bxb5 27. Bxb5 Qxb5 28.
Qd4 f6 29. g5 Qe2 30. Rd2 Qxf3 31. gxf6 Bxf6 32. Qb6 Qe4+ {White resigns} 0-1

[Event "Team 45 45 League T99"]
[Site "Internet Chess Club"]
[Date "2024.03.01"]
[Round "3"]
[White "QuieroAprender"]
[Black "julesraider"]
[Result "1-0"]
[WhiteElo "1686"]
[BlackElo "1571"]
[Opening "Ruy Lopez: old Steinitz defense"]
[ECO "C62"]
[Time "18:07:51"]
[PlyCount "97"]
[TimeControl "2700+45"]

1. e4 e5 2. Nf3 Nc6 3. Bb5 d6 4. d4 Bd7 5. dxe5 dxe5 6. Bg5 f6 7. Be3 a6 8. Ba4
Bb4+ 9. c3 Bd6 10. O-O Qe7 11. b4 Nh6 12. h3 Nf7 13. Bb3 O-O 14. a4 Rfd8 15. a5
Kh8 16. Qe2 Na7 17. Na3 c5 18. bxc5 Bxc5 19. Bxc5 Qxc5 20. Bxf7 Qxa5 21. c4 Qc5
22. Rfd1 Nc6 23. Bd5 Rab8 24. Qa2 Nb4 25. Qb3 a5 26. Nb5 b6 27. Nc3 Qc7 28. Ne1
f5 29. Nc2 Na6 30. Nb5 Qc5 31. Qe3 Qe7 32. f3 f4 33. Qc3 Qg5 34. Nd6 Rf8 35.
Nf7+ Rxf7 36. Bxf7 Bxh3 37. Ne1 Nc5 38. Rd5 Nd7 39. Rad1 Rf8 40. Rxd7 Bxd7 41.
Rxd7 h5 42. Be6 Qf6 43. Bh3 g5 44. Bf5 Kg8 45. Nd3 Re8 46. Rd5 g4 47. Rxe5 Rf8
48. Nxf4 gxf3 49. Be6+ {Black resigns} 1-0

[Event "Team 45 45 League T99"]
[Site "Internet Chess Club"]
[Date "2024.03.03"]
[Round "3"]
[White "vollmerj"]
[Black "fireball"]
[Result "0-1"]
[WhiteElo "1550"]
[BlackElo "1509"]
[Opening "Réti opening"]
[ECO "A13"]
[Time "10:00:55"]
[PlyCount "142"]
[TimeControl "2700+45"]

1. Nf3 Nf6 2. g3 e6 3. Bg2 d5 4. c4 c6 5. cxd5 cxd5 6. O-O Be7 7. b3 O-O 8. Bb2
a5 9. a4 Bd7 10. d3 Nc6 11. Nc3 Bd6 12. e4 dxe4 13. dxe4 Bb4 14. Nd4 e5 15. Nxc6
Bxc6 16. Qe2 Qb6 17. Rfd1 Rfe8 18. Nd5 Bxd5 19. exd5 Bd6 20. Rab1 Rac8 21. Bc1
Qc7 22. Be3 Qd7 23. Rdc1 Qg4 24. Qb5 Qb4 25. Qxb4 Bxb4 26. Rc4 Rxc4 27. bxc4 Nd7
28. d6 Bxd6 29. Rd1 Re6 30. Bxb7 Nc5 31. Bc8 Rf6 32. Rd5 Nxa4 33. c5 Bf8 34. Bd7
Nc3 35. Rd3 Ne2+ 36. Kf1 Nd4 37. Rc3 Ne6 38. c6 Nc7 39. Bb6 Bd6 40. Bxa5 Kf8 41.
Rb3 Ke7 42. Rb7 Kd8 43. Bd2 Rf3 44. Ba5 Ra3 45. Rb8+ Ke7 46. Bxc7 Bxc7 47. Rb7
Kd6 48. Be8 f5 49. Rb2 Rd3 50. Ke2 Rd4 51. f3 g5 52. Rc2 e4 53. fxe4 Rxe4+ 54.
Kf3 Rxe8 55. h4 h6 56. hxg5 hxg5 57. Rh2 Kxc6 58. Rh6+ Bd6 59. Rf6 Re5 60. Rg6
g4+ 61. Kf2 Kd5 62. Rg8 Bc5+ 63. Kf1 Ke4 64. Rd8 Kf3 65. Rd3+ Be3 66. Rxe3+ Rxe3
67. Kg1 Re1+ 68. Kh2 Re2+ 69. Kg1 Kxg3 70. Kf1 Ra2 71. Ke1 Kh2 {White resigns}
0-1

[Event "Team 45 45 League T99"]
[Site "Internet Chess Club"]
[Date "2024.03.02"]
[Round "3"]
[White "jfkingiii"]
[Black "isolani"]
[Result "1-0"]
[WhiteElo "1489"]
[BlackElo "1464"]
[Opening "Pirc: Ufimtsev-Pytel variation"]
[ECO "B07"]
[Time "17:01:08"]
[PlyCount "79"]
[TimeControl "2700+45"]

1. e4 d6 2. d4 Nf6 3. Nc3 c6 4. f4 Qa5 5. Bd3 Bg4 6. Nf3 Na6 7. h3 Bxf3 8. Qxf3
Nb4 9. O-O Nxd3 10. Qxd3 e6 11. e5 dxe5 12. fxe5 Nd7 13. Qf3 f6 14. exf6 Nxf6
15. Bf4 O-O-O 16. Qe3 e5 17. Bxe5 Nd5 18. Nxd5 Qxd5 19. Qf4 Bd6 20. Qg4+ Rd7 21.
Bxd6 Qxd6 22. c3 h5 23. Qf5 g6 24. Qf6 Re8 25. Qxd6 Rxd6 26. Rae1 Rde6 27. Rxe6
Rxe6 28. Rf8+ Kd7 29. Kf2 a6 30. Rf7+ Kc8 31. Rf3 Kc7 32. Re3 Rf6+ 33. Ke2 Kb6
34. Re5 a5 35. b3 Ka6 36. c4 Rf5 37. Rxf5 gxf5 38. Ke3 b5 39. c5 a4 40. b4
{Black resigns} 1-0

[Event "Team 45 45 League T99"]
[Site "Internet Chess Club"]
[Date "2024.03.01"]
[Round "3"]
[White "manfredo"]
[Black "ElValero"]
[Result "0-1"]
[WhiteElo "1480"]
[BlackElo "1637"]
[Opening "French: advance, Paulsen attack"]
[ECO "C02"]
[Time "13:01:19"]
[PlyCount "56"]
[TimeControl "2700+45"]

1. e4 e6 2. d4 d5 3. e5 c5 4. c3 Nc6 5. Nf3 Nge7 6. Na3 cxd4 7. cxd4 Nf5 8. Nc2
Nb4 9. Nxb4 Bxb4+ 10. Bd2 Qa5 11. Bd3 Ne7 12. O-O Bxd2 13. Qxd2 Qxd2 14. Nxd2
Nc6 15. Bb5 Bd7 16. Bxc6 Bxc6 17. a4 Ke7 18. b4 Rhc8 19. b5 Be8 20. Rfc1 f6 21.
f4 Bg6 22. Nb3 Rc4 23. Rxc4 dxc4 24. Na5 c3 25. Kf1 fxe5 26. dxe5 Rd8 27. Nc4
Rd4 28. Na3 c2 {White resigns} 0-1

[Event "Team 45 45 League T99"]
[Site "Internet Chess Club"]
[Date "2024.03.01"]
[Round "3"]
[White "fvafier"]
[Black "Gilguli"]
[Result "0-1"]
[WhiteElo "1428"]
[BlackElo "1424"]
[Opening "Danish gambit"]
[ECO "C21"]
[Time "16:00:24"]
[PlyCount "64"]
[TimeControl "2700+45"]

1. e4 e5 2. d4 exd4 3. c3 dxc3 4. Bc4 g6 5. Nxc3 Bg7 6. Nf3 Ne7 7. O-O O-O 8.
Bf4 Nbc6 9. Qe2 h6 10. Rfd1 d6 11. h3 Kh7 12. a3 Re8 13. Qc2 Bd7 14. Rac1 g5 15.
Bg3 Ng6 16. Bxf7 Rf8 17. Bc4 Bxh3 18. Nxg5+ hxg5 19. gxh3 Nce5 20. Be2 Qd7 21.
Kg2 Nf4+ 22. Bxf4 gxf4 23. f3 Rf6 24. Nd5 Rg6+ 25. Kf2 Qxh3 26. Nxf4 Qg3+ 27.
Ke3 Bh6 28. Qxc7+ Rg7 29. Qxd6 Bxf4+ 30. Kd4 Nxf3+ 31. Bxf3 Bxd6 32. Rh1+ Kg8
{White resigns} 0-1

[Event "Team 45 45 League T99"]
[Site "Internet Chess Club"]
[Date "2024.03.04"]
[Round "3"]
[White "Alec-hine"]
[Black "room-matt"]
[Result "1/2-1/2"]
[WhiteElo "1986"]
[BlackElo "1833"]
[Opening "QGA: classical, Rubinstein variation"]
[ECO "D27"]
[Time "14:01:20"]
[PlyCount "101"]
[TimeControl "2700+45"]

1. d4 d5 2. c4 dxc4 3. Nf3 Nf6 4. e3 e6 5. Bxc4 c5 6. O-O a6 7. a4 Nc6 8. Nc3
Be7 9. dxc5 Qxd1 10. Rxd1 Bxc5 11. b3 Na5 12. Ba3 Bxa3 13. Rxa3 Nxc4 14. bxc4
Bd7 15. Rb3 Rc8 16. Ne5 Rc7 17. f3 h6 18. Kf2 Ke7 19. e4 Rd8 20. Ke3 Ne8 21.
Nxd7 Rdxd7 22. Rxd7+ Kxd7 23. Kd4 f6 24. c5 e5+ 25. Kc4 Nd6+ 26. Kd5 Ne8 27. Rb6
Kc8 28. c6 bxc6+ 29. Rxc6 Kd7 30. Rxc7+ Nxc7+ 31. Kc5 h5 32. a5 h4 33. Kb6 Kd6
34. Na4 g6 35. Nc5 Na8+ 36. Kxa6 Kxc5 37. Kb7 Kb5 38. Kxa8 Kxa5 39. Kb7 Kb5 40.
Kc7 Kc5 41. Kd7 f5 42. f4 exf4 43. exf5 gxf5 44. h3 Kd5 45. Ke7 Ke4 46. Kf6 f3
47. gxf3+ Kxf3 48. Kxf5 Kg3 49. Ke4 Kxh3 50. Kf3 Kh2 51. Kf2 {Game drawn by
mutual agreement} 1/2-1/2

[Event "Team 45 45 League T99"]
[Site "Internet Chess Club"]
[Date "2024.03.02"]
[Round "3"]
[White "bobhill"]
[Black "timcent"]
[Result "0-1"]
[WhiteElo "1801"]
[BlackElo "1934"]
[Opening "Queen's pawn: Torre attack"]
[ECO "A46"]
[Time "11:04:12"]
[PlyCount "102"]
[TimeControl "2700+45"]

1. d4 Nf6 2. Nf3 e6 3. Bg5 Be7 4. e3 c5 5. c3 h6 6. Bh4 g5 7. Bg3 Nc6 8. Nbd2 d5
9. Bd3 Nh5 10. Ne5 Nxg3 11. Nxc6 bxc6 12. hxg3 Qb6 13. Rb1 Ba6 14. Bc2 cxd4 15.
exd4 c5 16. Nf3 Bf6 17. Ne5 cxd4 18. Ba4+ Ke7 19. Nc6+ Kf8 20. Nxd4 Bxd4 21.
Qxd4 Qxd4 22. cxd4 Rc8 23. Bb3 Kg7 24. Kd2 Bc4 25. Bxc4 Rxc4 26. Kd3 Rhc8 27.
Rhd1 f6 28. b3 Rc3+ 29. Ke2 Kf7 30. Rd2 Ke7 31. Rbb2 Kd6 32. Rd3 e5 33. Kd2 Rc1
34. g4 Rg1 35. g3 Rf1 36. Rf3 Ke6 37. Rc2 Rxc2+ 38. Kxc2 e4 39. Rf5 Ra1 40. Kb2
Rd1 41. a4 Rxd4 42. Kc3 Rd1 43. Kb4 Rc1 44. Kb5 d4 45. Kb4 d3 46. Ra5 Rc7 47.
Ra6+ Ke7 48. Ra5 Rd7 49. f4 d2 50. fxg5 hxg5 51. Kc3 d1=Q {White resigns} 0-1

[Event "Team 45 45 League T99"]
[Site "Internet Chess Club"]
[Date "2024.03.04"]
[Round "3"]
[White "trombone"]
[Black "Beetlejuice"]
[Result "0-1"]
[WhiteElo "1807"]
[BlackElo "1700"]
[Opening "Sicilian: Labourdonnais-Löwenthal (Kalashnikov) variation"]
[ECO "B32"]
[Time "13:00:50"]
[PlyCount "60"]
[TimeControl "2700+45"]

1. e4 c5 2. Nf3 Nc6 3. d4 cxd4 4. Nxd4 e5 5. Nb5 d6 6. N1c3 a6 7. Na3 Be6 8. Nc4
Rb8 9. Ne3 Nf6 10. g3 h5 11. h4 b5 12. Bg2 Be7 13. Ncd5 Qd7 14. c3 O-O 15. Nxe7+
Nxe7 16. Nd5 Nfxd5 17. exd5 Bg4 18. f3 Bf5 19. O-O Nc8 20. a4 Nb6 21. axb5 axb5
22. Be3 Nc4 23. Qc1 Ra8 24. Bf2 Qb7 25. Rd1 Rxa1 26. Qxa1 Bc2 27. Rc1 Ra8 28.
Qxa8+ Qxa8 29. Rxc2 Qa1+ 30. Bf1 Qd1 {White resigns} 0-1

[Event "Team 45 45 League T99"]
[Site "Internet Chess Club"]
[Date "2024.03.03"]
[Round "3"]
[White "Megasus"]
[Black "DaveTheRook"]
[Result "1-0"]
[WhiteElo "1581"]
[BlackElo "1492"]
[Opening "Queen's pawn game"]
[ECO "A46"]
[Time "13:00:34"]
[PlyCount "73"]
[TimeControl "2700+45"]

1. Nf3 Nf6 2. d4 e6 3. Nbd2 b6 4. e3 Bb7 5. Bd3 Be7 6. h3 h6 7. a3 O-O 8. Rg1 d5
9. c3 Nbd7 10. Qc2 c5 11. b3 Qc7 12. Bb2 Rfe8 13. g4 c4 14. bxc4 dxc4 15. Be2
Nh7 16. h4 g6 17. g5 h5 18. Ne4 Qc6 19. Ng3 Rac8 20. Nd2 Qc7 21. Nxh5 Qh2 22.
Nf3 Bxf3 23. Bxf3 Qxg1+ 24. Ke2 Qh2 25. Rh1 Qd6 26. Nf6+ Nhxf6 27. gxf6 Nxf6 28.
h5 e5 29. hxg6 e4 30. gxf7+ Kxf7 31. Bxe4 Nxe4 32. Qxe4 Qg6 33. Rh7+ Qxh7 34.
Qxh7+ Ke6 35. e4 Rf8 36. Qg6+ Rf6 37. Qg4+ {Black resigns} 1-0

[Event "Team 45 45 League T99"]
[Site "Internet Chess Club"]
[Date "2024.03.04"]
[Round "3"]
[White "Tufnell"]
[Black "primerpaso"]
[Result "1/2-1/2"]
[WhiteElo "1891"]
[BlackElo "1798"]
[Opening "Sicilian: Najdorf"]
[ECO "B90"]
[Time "15:31:29"]
[PlyCount "81"]
[TimeControl "2700+45"]

1. e4 c5 2. Nf3 d6 3. d4 cxd4 4. Nxd4 Nf6 5. Nc3 a6 6. f3 e5 7. Nb3 Be6 8. Be3
Nbd7 9. Qd2 b5 10. a4 b4 11. Nd5 Bxd5 12. exd5 Nb6 13. Bxb6 Qxb6 14. a5 Qb7 15.
Bc4 Be7 16. Ra4 Rb8 17. Nc1 e4 18. Na2 exf3 19. gxf3 O-O 20. Rxb4 Qc7 21. b3
Rxb4 22. Nxb4 Qxa5 23. Nc6 Qa1+ 24. Qd1 Qc3+ 25. Kf2 Bd8 26. Nxd8 Rxd8 27. Re1
g6 28. Re3 Qb2 29. Bxa6 Nd7 30. Be2 Ra8 31. Qd2 Ra1 32. Bf1 Rc1 33. Bd3 Nc5 34.
Re8+ Kg7 35. Re2 Rh1 36. Kg3 Qd4 37. Qe3 Qc3 38. Bc4 Qa1 39. c3 Rg1+ 40. Rg2 Rc1
41. Re2 {Game drawn by mutual agreement} 1/2-1/2

[Event "Team 45 45 League T99"]
[Site "Internet Chess Club"]
[Date "2024.03.03"]
[Round "3"]
[White "fishhead"]
[Black "Lawkeito"]
[Result "1-0"]
[WhiteElo "1855"]
[BlackElo "1727"]
[Opening "Sicilian defense"]
[ECO "B44"]
[Time "15:03:37"]
[PlyCount "49"]
[TimeControl "2700+45"]

1. e4 c5 2. Nf3 e6 3. d4 cxd4 4. Nxd4 Nc6 5. Nxc6 bxc6 6. Bd3 d5 7. O-O Nf6 8.
Nd2 Be7 9. c4 Qc7 10. Qe2 O-O 11. e5 Nd7 12. f4 f5 13. Nf3 Nc5 14. Bc2 dxc4 15.
Rd1 Ba6 16. Nd4 Rfd8 17. Qf3 Rac8 18. Be3 Rd5 19. b4 cxb3 20. axb3 Bb5 21. b4
Na6 22. Nxe6 Rxd1+ 23. Rxd1 Qb8 24. Bxf5 Bxb4 25. Rd7 {Black resigns} 1-0

[Event "Team 45 45 League T99"]
[Site "Internet Chess Club"]
[Date "2024.03.03"]
[Round "3"]
[White "VictorRed"]
[Black "walkover"]
[Result "1-0"]
[WhiteElo "1659"]
[BlackElo "1719"]
[Opening "Queen's pawn game, Krause variation"]
[ECO "D02"]
[Time "10:07:29"]
[PlyCount "99"]
[TimeControl "2700+45"]

1. d4 d5 2. Nf3 c5 3. g3 cxd4 4. Nxd4 e5 5. Nf3 Nc6 6. Bg2 Nf6 7. O-O Be7 8. c3
O-O 9. Re1 h6 10. Nfd2 Bf5 11. a3 e4 12. Nb3 Qd7 13. Nd4 Bh3 14. Nxc6 bxc6 15.
Nd2 Rfe8 16. b4 Qf5 17. Bxh3 Qxh3 18. Nf1 Bd6 19. c4 Be5 20. Ra2 d4 21. f4 Bc7
22. Qxd4 a5 23. Rb2 axb4 24. axb4 Ra1 25. e3 Rd8 26. Qc3 Rd3 27. Qc2 Ng4 28. Qg2
Qxg2+ 29. Kxg2 Rc3 30. Bd2 Rxe1 31. Bxc3 Nxe3+ 32. Nxe3 Rxe3 33. Be5 Bxe5 34.
fxe5 Rc3 35. b5 cxb5 36. cxb5 Rc7 37. b6 Rb7 38. Kf2 Kf8 39. Ke3 Ke7 40. Kxe4
Ke6 41. Rb5 g6 42. h3 Rb8 43. b7 f5+ 44. exf6 Kxf6 45. Kd5 Ke7 46. Kc6 Kd8 47.
Rd5+ Ke7 48. Kc7 Ke6 49. Rd6+ Ke7 50. Rxg6 {Black resigns} 1-0

[Event "Team 45 45 League T99"]
[Site "Internet Chess Club"]
[Date "2024.03.05"]
[Round "3"]
[White "QuieroAprender"]
[Black "fireball"]
[Result "1-0"]
[WhiteElo "1694"]
[BlackElo "1491"]
[Opening "Dutch"]
[ECO "A80"]
[Time "11:06:35"]
[PlyCount "93"]
[TimeControl "2700+45"]

1. d4 f5 2. Nf3 e6 3. c4 Nf6 4. Nc3 Bb4 5. Bd2 b6 6. a3 Bxc3 7. Bxc3 Bb7 8. Ne5
d6 9. Nf3 O-O 10. Ng5 Qe7 11. f3 h6 12. Nh3 Nh5 13. e3 Nd7 14. Qc2 g5 15. O-O-O
a5 16. Bd3 g4 17. fxg4 fxg4 18. Nf2 Qg5 19. Rde1 Bxg2 20. Rhg1 Bf3 21. Nxg4 Bxg4
22. h3 Ndf6 23. hxg4 Nxg4 24. Qg2 Nhf6 25. Bd2 Kf7 26. Qc6 Rac8 27. Ref1 Ke7 28.
e4 Qg7 29. e5 dxe5 30. dxe5 Nd7 31. Rxf8 Rxf8 32. Qxc7 Qxe5 33. Qb7 h5 34. Re1
Qb8 35. Qd5 Qd6 36. Qxh5 Ngf6 37. Qh3 Nc5 38. Bc2 Rg8 39. b4 axb4 40. axb4 Ncd7
41. Bf5 e5 42. Bxd7 Nxd7 43. Qh7+ Kf8 44. Bh6+ Ke8 45. Qxg8+ Ke7 46. Bg5+ Nf6
47. Qg7+ {Black resigns} 1-0

[Event "Team 45 45 League T99"]
[Site "Internet Chess Club"]
[Date "2024.03.03"]
[Round "3"]
[White "manfredo"]
[Black "Signofthetimes"]
[Result "0-1"]
[WhiteElo "1466"]
[BlackElo "1532"]
[Opening "Caro-Kann: Tartakower (fantasy) variation"]
[ECO "B12"]
[Time "13:00:40"]
[PlyCount "48"]
[TimeControl "2700+45"]

1. e4 c6 2. d4 d5 3. f3 e6 4. Nc3 Qb6 5. Nge2 Bb4 6. a3 Bxc3+ 7. Nxc3 Nd7 8. Na4
Qc7 9. Bd3 Ne7 10. O-O O-O 11. c4 dxc4 12. Be2 b5 13. Nc3 Rd8 14. Qc2 h6 15. g3
a6 16. Bf4 Qb6 17. Qd2 Nc5 18. Qe3 Nb3 19. Rad1 Ng6 20. d5 Qxe3+ 21. Bxe3 cxd5
22. exd5 exd5 23. Nxd5 Bb7 24. Bb6 Rxd5 {White resigns} 0-1

[Event "Team 45 45 League T99"]
[Site "Internet Chess Club"]
[Date "2024.03.03"]
[Round "3"]
[White "ARMAND02019"]
[Black "dalmata"]
[Result "0-1"]
[WhiteElo "1586"]
[BlackElo "1546"]
[Opening "QGD: Ragozin variation"]
[ECO "D38"]
[Time "13:00:06"]
[PlyCount "74"]
[TimeControl "2700+45"]

1. c4 e6 2. d4 d5 3. Nf3 Nf6 4. Nc3 Bb4 5. cxd5 Nxd5 6. Bd2 Nxc3 7. bxc3 Bd6 8.
e4 b6 9. Bb5+ Nd7 10. e5 Be7 11. Qa4 Bb7 12. Bc6 Bxc6 13. Qxc6 O-O 14. h4 h6 15.
g4 Rc8 16. g5 Nb8 17. Qe4 h5 18. c4 g6 19. Bc3 c6 20. O-O a5 21. Rfd1 Na6 22. a3
Nc7 23. Qxc6 Nd5 24. cxd5 Rxc6 25. dxc6 Qc7 26. Nd2 Qxc6 27. Rdc1 Qb7 28. f3 Rc8
29. Ne4 Qa6 30. a4 b5 31. axb5 Qxb5 32. Rxa5 Qe2 33. Rca1 Qxf3 34. Ra8 Rxa8 35.
Rxa8+ Kg7 36. Re8 Qxe4 37. Rxe7 Qxh4 {White resigns} 0-1

[Event "Team 45 45 League T99"]
[Site "Internet Chess Club"]
[Date "2024.02.28"]
[Round "3"]
[White "fvafier"]
[Black "Kingofknights"]
[Result "0-1"]
[WhiteElo "1446"]
[BlackElo "1467"]
[Opening "Caro-Kann: advance variation"]
[ECO "B12"]
[Time "18:00:15"]
[PlyCount "68"]
[TimeControl "2700+45"]

1. e4 c6 2. d4 d5 3. e5 c5 4. c3 cxd4 5. cxd4 Nc6 6. Nf3 Bg4 7. Bb5 Qb6 8. Nc3
e6 9. O-O Bxf3 10. Qxf3 Qxd4 11. Be3 Qxe5 12. Bf4 Qf6 13. Rfe1 Ne7 14. Qe3 O-O-O
15. Qd2 h6 16. Rac1 g5 17. Be3 Kb8 18. Qc2 Bg7 19. Qa4 Rc8 20. Bxc6 Nxc6 21. Nb5
a6 22. Nc3 Qd8 23. Bd2 Rc7 24. h4 Qd6 25. h5 Ne5 26. Rcd1 Rc4 27. Qc2 Rhc8 28.
Re3 Ng4 29. Rg3 f5 30. Rxg4 Rxg4 31. g3 Qb6 32. Be3 d4 33. Na4 Rxc2 34. Nxb6
dxe3 {White resigns} 0-1

[Event "Team 45 45 League T99"]
[Site "Internet Chess Club"]
[Date "2024.02.28"]
[Round "3"]
[White "tightfist"]
[Black "Denis240964"]
[Result "1-0"]
[WhiteElo "1497"]
[BlackElo "1279"]
[Opening "Queen's pawn game, Darooha variation "]
[ECO "D02"]
[Time "19:00:15"]
[PlyCount "119"]
[TimeControl "2700+45"]

1. Nf3 d5 2. d4 Nf6 3. b3 e6 4. Bb2 c5 5. e3 cxd4 6. exd4 Be7 7. Bd3 O-O 8. O-O
Nc6 9. a3 b6 10. Nbd2 Bb7 11. Re1 Rc8 12. Rc1 Re8 13. Qe2 Qc7 14. c4 Ba6 15. Ne5
Bf8 16. Nxc6 Qb7 17. Ne5 g6 18. cxd5 Bxd3 19. Qxd3 Nxd5 20. Rxc8 Rxc8 21. Rc1
Nf4 22. Qf1 Rd8 23. g3 Nd5 24. Qc4 Bd6 25. Qc6 Qe7 26. Ndc4 Kg7 27. Nxd6 Rxd6
28. Qa8 Rd8 29. Rc8 Nc7 30. Qb7 Rxc8 31. Qxc8 f6 32. Qd7 Nd5 33. Qxe7+ Nxe7 34.
Nf3 Nd5 35. Kg2 Kf7 36. Nd2 Ke7 37. Nc4 b5 38. Ne3 Nc7 39. f4 Kd6 40. g4 h6 41.
f5 g5 42. fxe6 Kxe6 43. Kf3 a6 44. Ke4 Ne8 45. d5+ Kf7 46. Nf5 Nc7 47. Nxh6+ Kg7
48. Nf5+ Kf7 49. Nd6+ Ke7 50. Nc8+ Kf7 51. Nd6+ Ke7 52. Nb7 Kf7 53. Bc3 Ne8 54.
Kf5 Ng7+ 55. Ke4 Ke7 56. Nc5 Kd6 57. Nxa6 Ne8 58. Bb4+ Kd7 59. Kf5 Kd8 60. Ke6
{Black resigns} 1-0

[Event "Team 45 45 League T99"]
[Site "Internet Chess Club"]
[Date "2024.03.03"]
[Round "3"]
[White "ElValero"]
[Black "justice02"]
[Result "1/2-1/2"]
[WhiteElo "1635"]
[BlackElo "1596"]
[Opening "QGD Slav/Grünfeld: Schlechter variation"]
[ECO "A05"]
[Time "09:00:13"]
[PlyCount "88"]
[TimeControl "2700+45"]

1. Nf3 Nf6 2. c4 c6 3. d4 g6 4. Nc3 d5 5. Qb3 Bg7 6. Bg5 O-O 7. Bxf6 dxc4 8.
Qxc4 exf6 9. e3 Re8 10. Be2 Qb6 11. b4 Be6 12. Qd3 Qxb4 13. O-O b5 14. Rfc1 a5
15. d5 Bf5 16. e4 Rxe4 17. dxc6 Re8 18. Qxb5 Qxb5 19. Bxb5 Na6 20. Nd5 Be4 21.
Bxa6 Bxd5 22. Bb7 Ra7 23. Rab1 Bh6 24. Rc5 Be4 25. Re1 f5 26. c7 Rxb7 27. c8=Q
Rxc8 28. Rxc8+ Kg7 29. Rc5 Bxf3 30. gxf3 Rb2 31. Rxa5 Bd2 32. Ree5 Bxa5 33. Rxa5
h5 34. Kg2 h4 35. a4 Ra2 36. Ra8 g5 37. h3 f4 38. a5 Ra4 39. a6 Ra5 40. a7 Ra1
41. Kh2 Kf6 42. Kg2 Kg7 43. Kh2 Kf6 44. Kg2 Kg7 {Game drawn by repetition}
1/2-1/2

[Event "Team 45 45 League T99"]
[Site "Internet Chess Club"]
[Date "2024.03.02"]
[Round "3"]
[White "nosir"]
[Black "isolani"]
[Result "1/2-1/2"]
[WhiteElo "1444"]
[BlackElo "1480"]
[Opening "Queen's pawn: London system"]
[ECO "A45"]
[Time "09:00:24"]
[PlyCount "87"]
[TimeControl "2700+45"]

1. d4 Nf6 2. Bf4 d6 3. e3 Nbd7 4. Bd3 e5 5. dxe5 dxe5 6. Bg5 Be7 7. Nd2 c6 8.
Qe2 O-O 9. Bxf6 Nxf6 10. Ne4 Nxe4 11. Bxe4 Be6 12. Rd1 Qc7 13. Nf3 f5 14. Bd3 e4
15. Bc4 Bxc4 16. Qxc4+ Kh8 17. Nd4 Qe5 18. O-O Bd6 19. g3 Rae8 20. c3 g5 21. Ne2
Rf6 22. Qd4 Qe6 23. Rd2 Kg8 24. Rfd1 Bb8 25. Qd7 Qxd7 26. Rxd7 Rf7 27. Rxf7 Kxf7
28. Rd7+ Re7 29. Rd2 Be5 30. Kf1 Ke6 31. Nd4+ Bxd4 32. Rxd4 Rd7 33. Ke2 Rxd4 34.
cxd4 Kd5 35. Kd2 Kc4 36. Kc2 h6 37. a3 b6 38. b3+ Kd5 39. h3 a6 40. Kc3 h5 41.
b4 c5 42. bxc5 bxc5 43. dxc5 Kxc5 44. Kb3 {Game drawn by mutual agreement}
1/2-1/2